AoeStats
← Dantegutsh

Black Forest

509818985Analyzed
3v3 RM · 5d ago on Sep 28, 2026· 50m 36s· 6 players
Game mode
Random Map
Map size
Normal (6 player)
Population
200
Speed
Normal
Resources
Standard
Victory
Conquest
Starting age
Dark Age
Ending age
Imperial Age
RankedLock teamsTeams togetherTeam positionsShared explorationLock speedFull tech treeHidden civsTurbo modeCheats
Victory
Defeat
🇭🇰 Franks · Hong Kong SAR China
1477
+14
🇭🇰 Mongols · Hong Kong SAR China
1438
+16
🇨🇳 Spanish · China
1394
+18
🇲🇽 Cumans · Mexico
1525
-20
🇲🇽 Magyars · Mexico
1423
-15
🇲🇽 Britons · Mexico
1368
-13
Dantegutsh
0:48 Loom
9:35 Feudal Age
10:12 Double-Bit Axe
23:16 Bloodlines
25:58 Castle Age
32:15 Fletching
39:01 Elite Skirmisher
45:16 Padded Archer Armor
46:12 Bodkin Arrow
Davicho26
0:28 Loom
10:53 Feudal Age
13:24 Fletching
23:51 Castle Age
22:25 Padded Archer Armor
24:04 Crossbowman
24:40 Bodkin Arrow
25:28 Double-Bit Axe
25:24 Horse Collar
37:55 Wheelbarrow
37:33 Bow Saw
37:32 Heavy Plow
38:45 Ballistics
40:25 Hand Cart
43:03 Imperial Age
41:21 Yeomen
43:15 Stone Mining
43:17 Gold Mining
43:11 Arbalester
44:04 Bracer
45:39 Caravan
46:06 Town Watch
49:12 Conscription
49:24 Town Patrol
Mike
1:43 Loom
9:48 Feudal Age
10:50 Double-Bit Axe
23:53 Castle Age
24:52 Bow Saw
25:52 Scale Barding Armor
25:59 Horse Collar
26:42 Bloodlines
25:58 Light Cavalry
27:00 Chain Barding Armor
29:27 Forging
32:28 Capped Ram
39:49 Imperial Age
37:55 Wheelbarrow
39:07 Iron Casting
38:44 Heavy Plow
38:35 Gold Mining
41:08 Plate Barding Armor
41:15 Cavalier
43:04 Stone Mining
46:58 Chemistry
48:18 Paladin
文風
10:28 Feudal Age
12:50 Double-Bit Axe
15:25 Castle Age
13:55 Horse Collar
18:40 Scale Barding Armor
26:12 Chain Barding Armor
26:23 Bow Saw
35:33 Husbandry
38:32 Imperial Age
37:00 Wheelbarrow
36:58 Fletching
38:32 Husbandry
38:42 Bloodlines
38:51 Hand Cart
40:24 Chemistry
40:18 Ballistics
39:23 Capped Ram
41:10 Bodkin Arrow
41:15 Padded Archer Armor
40:51 Heavy Scorpion
42:03 Siege Engineers
42:04 Bracer
42:16 Forging
43:49 Drill
43:50 Conscription
44:55 Capped Ram
46:14 Caravan
47:09 Siege Ram
LinG寶寶
0:33 Loom
12:46 Feudal Age
14:08 Double-Bit Axe
24:37 Castle Age
25:51 Bow Saw
35:24 Wheelbarrow
36:09 Stone Mining
36:09 Gold Mining
36:53 Hand Cart
41:30 Imperial Age
40:06 Gold Shaft Mining
39:48 Forging
39:43 Scale Barding Armor
40:13 Husbandry
40:26 Caravan
42:21 Iron Casting
42:06 Chain Barding Armor
43:07 Cavalier
45:25 Plate Barding Armor
45:51 Blast Furnace
44:29 Paladin
无助小羊
0:27 Loom
11:46 Feudal Age
15:22 Castle Age
13:55 Double-Bit Axe
23:25 Fletching
31:29 Padded Archer Armor
32:45 Leather Archer Armor
35:24 Imperial Age
34:41 Husbandry
35:13 Bloodlines
40:21 Ring Archer Armor
48:19 Wheelbarrow
48:45 Conscription
48:19 Capped Ram
50:02 Hand Cart
50:07 Caravan
Connection lost

Rejoining the realm…

Still unreachable

The connection could not be restored.

Session expired

The server has moved on; the page needs a fresh start.